 Dungeon Crawl Stone Soup version 0.28-a0-909-g796cbd3a86 (webtiles) character file.

Game seed: 7613159657966271327

24 ytrimaz the Grave Robber (level 2, 22/22 HPs)
             Began as a Deep Dwarf Necromancer on Nov 24, 2021.
             Quit the game on level 1 of the Dungeon.
             The game lasted 00:02:11 (868 turns).

ytrimaz the Grave Robber (Deep Dwarf Necromancer)    Turns: 868, Time: 00:02:11

Health: 22/22      AC:  2    Str: 11    XL:     2   Next: 79%
Magic:  5/5        EV: 12    Int: 15    God:
Gold:   45         SH:  0    Dex: 13    Spells: 4/5 levels left

rFire   . . .      SeeInvis .   (no weapon)
rCold   . . .      Faith    .   (no shield)
rNeg    . . .      Spirit   .   a - +0 robe
rPois   .          Reflect  .   (no helmet)
rElec   .          Harm     .   (no cloak)
rCorr   .          Rampage  .   (no gloves)
Will    .....                   (no boots)
Stlth   ++........              (no amulet)
HPRegen 0.00/turn               (no ring)
MPRegen 0.09/turn               (no ring)

@: no status effects
A: damage resistance, heal wounds, sense surroundings 1, no regeneration
a: Heal Wounds


You were on level 1 of the Dungeon.
You visited 1 branch of the dungeon, and saw 1 of its levels.

You collected 45 gold pieces.

Inventory:

Armour
 a - a +0 robe (worn)
Scrolls
 e - a scroll of blinking {unknown}
Potions
 b - a potion of resistance {unknown}
 c - 2 potions of curing {unknown}
 d - a potion of invisibility {unknown}


   Skills:
 + Level 2.2 Dodging
 + Level 2.5 Stealth
 + Level 2.1 Spellcasting
 + Level 5.0 Necromancy


You had 4 spell levels left.
You knew the following spells:

 Your Spells              Type           Power      Damage    Failure   Level
a - Pain                  Necr           64%        1d7       2%          1

Your spell library contained the following spells:

 Spells                   Type           Power      Damage    Failure   Level
 Animate Skeleton         Necr           32%        N/A       2%          1
 Vampiric Draining        Necr           16%        2d7       9%          3
 Animate Dead             Necr           8%         N/A       28%         4
 Agony                    Necr           16%        N/A       61%         5


Dungeon Overview and Level Annotations

Branches:
Dungeon (1/15)

Altars:


Innate Abilities, Weirdness & Mutations

You are resistant to damage.
You can heal yourself by infusing magical energy.
You passively map a small area around you.
You do not regenerate.


Message History

The endoplasm is severely wounded.
The endoplasm freezes you.
You are frozen.
You barely miss the endoplasm.
The endoplasm is severely wounded.
The endoplasm hits you.
You hit the endoplasm but do no damage.
The endoplasm is severely wounded.
The endoplasm freezes you.
You are frozen.
You hit the endoplasm.
You kill the endoplasm!
Your Necromancy skill increases to level 5!
A hobgoblin comes into view.
You see here a scroll labelled TESTEO FIHUTESCH.
A hobgoblin is nearby!
A hobgoblin is nearby!
You can't see any susceptible monsters within range! (Use Z to cast anyway.)
The hobgoblin shouts!
The hobgoblin writhes in agony.
The hobgoblin writhes in agony.
The hobgoblin writhes in agony.
You kill the hobgoblin!
You can't see any susceptible monsters within range! (Use Z to cast anyway.)
e - a scroll labelled TESTEO FIHUTESCH
Things that are here:
a +0 short sword; 2 stones; a kobold corpse
Found a ring mail.
Things that are here:
a +0 short sword; 2 stones; a kobold corpse
Found an escape hatch in the floor.
Things that are here:
a +0 club; a kobold skeleton A gnoll comes into view.
It is wielding a +0 spear.
The gnoll shouts!
A gnoll is nearby!
Okay, then.
You feel much better.
Okay, then.
Are you sure you want to abandon this character and quit the game? (Confirm with "yes".)

######.##..#'..######### *
.....#.##.##....)..>...., ,
####.#....#....######### *
.....######....# * ,
.###...##......# *
...####'....⌠..# ##'###.........#
...........g...##################
................@.)..............
############.##############)...##
#.# #.........
#.###########.########
#.......[.....# ###############


You could see a gnoll.

Vanquished Creatures
  A ball python (D:1)
  2 bats (D:1)
  2 endoplasms (D:1)
  3 giant cockroaches (D:1)
  3 hobgoblins (D:1)
  3 kobolds (D:1)
  A quokka (D:1)
  A frilled lizard (D:1)
  2 goblins (D:1)
  2 rats (D:1)
20 creatures vanquished.

Vanquished Creatures (others)
  3 fungi (D:1)
3 creatures vanquished.

Grand Total: 23 creatures vanquished

Notes
Turn   | Place    | Note
-------+----------+-------------------------------------------
     0 | D:1      | ytrimaz the Deep Dwarf Necromancer began the quest for the
                  | Orb.
     0 | D:1      | Reached XP level 1. HP: 15/15 MP: 3/3
   172 | D:1      | Reached XP level 2. HP: 22/22 MP: 2/4
   525 | D:1      | Found a faded altar of an unknown god.
   693 | D:1      | Reached skill level 5 in Necromancy
   868 | D:1      | Quit the game

Illustrated notes

Levels and vault maps discovered:
D:1:      nicolae_arrival_somewhat_less_tricky_arrival, layout_rooms,
          dreamdust_ecumenical_altar_hidden_monk_grotto

Skill      XL: |  1  2 |
---------------+-------+-----
Spellcasting   | 2 |  2.1
Necromancy     | 5 |  5.0
Dodging        | |  2.2
Stealth        | |  2.5

Action                   || total
-------------------------++-------
Melee: Unarmed           ||    25
 Cast: Pain              ||    31
 Abil: Heal Wounds       ||     1
Armor: Robe              ||     6
Dodge: Dodged            ||    14

Table legend: (Time is in decaauts)
 A = Elapsed time spent in this place.
 B = Non-inter-level travel time spent in this place.
 C = Inter-level travel time spent in this place.
 D = Time resting spent in this place.
 E = Time spent auto-exploring this place.
 F = Levels seen in this place.
 G = Mean time per level.
                   A        B        C        D        E       F      G
               +--------+--------+--------+--------+--------+-----+--------+
         Total |    868 |    868 |      0 |     42 |    686 |   1 |  868.0 |
       Dungeon |    868 |    868 |      0 |     42 |    686 |   1 |  868.0 |
               +--------+--------+--------+--------+--------+-----+--------+

Top non-repeatable levels by time:
     D:1: 868 daAuts
